 Dungeon Crawl Stone Soup version 0.20-a0-909-g1a4ba80 (webtiles) character file.

14665 AlphabetPasta the Basher (level 12, -1/74 HPs)
             Began as a Gargoyle Skald on Mar 21, 2017.
             Was the Champion of Cheibriados.
             Slain by a frost giant
             ... wielding a +0 battleaxe of freezing
              (2 damage)
             ... on level 11 of the Dungeon on Mar 22, 2017.
             The game lasted 01:11:04 (9805 turns).

AlphabetPasta the Basher (Gargoyle Skald)           Turns: 9805, Time: 01:11:06

Health: -1/74      AC: 24    Str: 35    XL:     12   Next: 18%
Magic:  15/21      EV: 16    Int: 31    God:    Cheibriados [******]
Gold:   562        SH:  0    Dex: 26    Spells: 13/24 levels left

rFire    . . .     SeeInvis .   s - +0 dire flail
rCold    . . .     Gourm    .   f - +1 scale mail
rNeg     + . .     Faith    .   (shield currently unavailable)
rPois    ∞         Spirit   .   O - +0 helmet
rElec    +         Reflect  .   r - +2 cloak
rCorr    .         Harm     .   K - +1 pair of gloves
MR       .....                  (no boots)
Stlth    +.........             g - amulet of regeneration
Regen    0.7/turn               (no ring)
MPRegen  0.2/turn               i - +4 ring of strength

@: vulnerable, infused (expiring), very slow
A: negative energy resistance 1, electricity resistance, unbreathing,
petrification resistance, rot immunity, AC +8
a: Bend Time, Temporal Distortion, Slouch, Step From Time, Renounce Religion


You were on level 11 of the Dungeon.
You worshipped Cheibriados.
Cheibriados was exalted by your worship.
You were not hungry.

You visited 1 branch of the dungeon, and saw 11 of its levels.
You also visited: Sewer.

You collected 679 gold pieces.
You spent 117 gold pieces at shops.

Inventory:

Hand Weapons
 a - a +0 mace
 s - a +0 dire flail (weapon)
 v - a +1 flail
 M - a +0 morningstar
Missiles
 p - 27 bolts
 H - 8 javelins (quivered)
Armour
 b - a +0 leather armour
 f - a +1 scale mail (worn)
 r - a +2 cloak (worn)
 F - a +0 chain mail
 K - a +1 pair of gloves (worn)
 O - a +0 helmet (worn)
Jewellery
 g - an amulet of regeneration (around neck)
 i - a +4 ring of strength (left hand)
 y - an uncursed ring of fire
Wands
 t - a wand of paralysis (0/24)
 u - a wand of iceblast (0/15)
 I - a wand of iceblast (11/15)
 J - a wand of acid (3/15)
Scrolls
 h - 7 scrolls of teleportation
 j - a scroll of identify
 o - 7 scrolls of amnesia
 x - 4 scrolls of magic mapping
 z - a scroll of enchant weapon
 A - a scroll of fear
 B - 7 scrolls of remove curse
 D - a scroll of enchant armour
 G - 2 scrolls of fog
Potions
 e - a potion of agility
 k - 3 potions of brilliance
 l - 2 potions of resistance
 m - a potion of magic
 q - a potion of curing
 C - a potion of flight
 N - a potion of invisibility
Books
 c - a book of Battle

   Spells                             Type                      Level
   a - Infusion                       Charms                       1
   b - Shroud of Golubria             Charms/Translocation         2
   c - Song of Slaying                Charms                       2
   d - Spectral Weapon                Hexes/Charms                 3
   e - Regeneration                   Charms/Necromancy            3
Comestibles
 d - 10 bread rations
 n - 7 royal jellies
 w - 10 fruits
 E - 4 meat rations


   Skills:
 + Level 8.2 Fighting
 * Level 10.2 Maces & Flails
 + Level 7.5 Armour
 + Level 5.7 Dodging
 + Level 6.5 Spellcasting
 + Level 6.8 Charms
 - Level 3.0 Translocations
 + Level 5.5 Invocations
 - Level 2.0 Evocations


You had 13 spell levels left.
You knew the following spells:

 Your Spells              Type           Power        Failure   Level  Hunger
a - Infusion              Chrm           ####         1%          1    None
b - Song of Slaying       Chrm           ######..     1%          2    None
c - Shroud of Golubria    Chrm/Tloc      #####.....   1%          2    None
d - Regeneration          Chrm/Necr      ####......   8%          3    None
e - Spectral Weapon       Hex/Chrm       ####....     8%          3    None


Dungeon Overview and Level Annotations

Branches:
Dungeon (11/15)            Temple (0/1) D:7            Lair (0/6) D:8
    Orc: D:9-12

Altars:
Cheibriados
Fedhas
Gozag
Ru
Sif Muna
Uskayaw
The Shining One
Beogh

Shops:
D:8 *


Innate Abilities, Weirdness & Mutations

You are resistant to torment.
Your stone body is resilient. (AC +8)
You are immune to poison.
You resist negative energy. (rN+)
You are resistant to electric shocks. (rElec)
You can survive without breathing.
You are immune to petrification.
You are immune to rotting.


Message History

* * * LOW HITPOINT WARNING * * *
You puncture the frost giant!
The frost giant is almost dead.
You feel much better. The phantasmal warrior hits you!
The frost giant hits you with a battleaxe of freezing!
* * * LOW HITPOINT WARNING * * *
The frost giant freezes you.
* * * LOW HITPOINT WARNING * * *
Okay, then.
Okay, then.
Press: ? - help, v - describe, . - travel
Here: a frost giant, wielding a battleaxe of freezing (almost dead)
The floor, spattered with blood.
You feel better.
Your magical infusion is running out.
The phantasmal warrior barely misses you.
The frost giant hits you with a battleaxe of freezing!!
* * * LOW HITPOINT WARNING * * *
The frost giant freezes you.
You die...

#........# #.# #........#
#.# #........# #.##
#C####...# #.(# #pWo.#...#
##.# #o...#...# ##(#####
###))#..)### #((....#
})#...'.#############)(###)#
#######..pC@W........).)##.#
###############.#)....
#...##.# #.####.# #......#
########


You could see a frost giant, a hell knight and a phantasmal warrior.

Vanquished Creatures
  Erica (D:9)
  A centaur warrior (D:11)
  2 two-headed ogres
  An ugly thing (D:11)
  Psyche (D:8)
  A spiny frog (shapeshifter) (D:11)
  3 trolls
  A hornet (D:8)
  Prince Ribbit (D:6)
  6 hippogriffs
  A wyvern (D:11)
  3 hogs (D:9)
  A human (D:9)
  14 yaks
  A basilisk (D:8)
  A steam dragon (D:9)
  A hungry ghost (D:10)
  A water moccasin (D:11)
  Purgy (Sewer)
  A hornet zombie (D:9)
  The ghost of AlphabetPasta the Grave Robber, an amateur VSNe (D:4)
  5 orc warriors
  3 porcupines (D:8)
  3 ice beasts
  2 ogres (D:10)
  2 sky beasts
  2 phantoms
  A necrophage (D:9)
  8 centaurs
  3 crocodiles (D:8)
  8 bullfrogs
  A gnoll sergeant (D:8)
  A wyvern zombie (D:9)
  A wyvern skeleton (D:11)
  2 scorpions (D:8)
  4 wights
  2 howler monkeys
  4 killer bees (D:8)
  5 crimson imps
  3 jellies
  4 orc priests
  2 gnoll shamans
  8 hounds
  3 bullfrog zombies
  3 iguanas
  A centaur skeleton (D:5)
  Ijyb (D:3)
  2 bullfrog skeletons
  Terence (D:3)
  9 orc wizards
  7 worker ants
  A worker ant zombie (D:5)
  13 gnolls
  13 adders
  2 shadow imps
  An ooze (D:1)
  4 worms
  2 dart slugs
  10 leopard geckos
  54 orcs
  3 giant cockroaches
  8 goblins
  6 hobgoblins
  6 jackals
  7 quokkas
  6 ball pythons
  8 bats
  10 frilled lizards
  8 kobolds
  2 quokka skeletons
  A quokka zombie (D:9)
  9 rats
319 creatures vanquished.

Vanquished Creatures (others)
  An orc wizard (D:5)
  A bush (D:11)
  2 plants (D:8)
  8 spectral weapons
12 creatures vanquished.

Grand Total: 331 creatures vanquished

Notes
Turn   | Place    | Note
-------+----------+-------------------------------------------
     0 | D:1      | AlphabetPasta the Gargoyle Skald began the quest for the Orb.
     0 | D:1      | Reached XP level 1. HP: 12/12 MP: 3/3
    40 | D:1      | Found a snail-covered altar of Cheibriados.
    74 | D:1      | Became a worshipper of Cheibriados the Contemplative
   113 | D:1      | Reached XP level 2. HP: 13/18 MP: 0/5
   117 | D:1      | Learned a level 2 spell: Song of Slaying
   120 | D:1      | Learned a level 2 spell: Shroud of Golubria
   539 | D:2      | Found a sacrificial altar of Ru.
   624 | D:2      | Found a hide-covered altar of Uskayaw.
   736 | D:2      | Reached XP level 3. HP: 22/22 MP: 2/6
   792 | D:2      | Reached * piety under Cheibriados
   792 | D:2      | Reached skill level 1 in Invocations
   921 | D:2      | Reached XP level 4. HP: 27/27 MP: 2/7
  1115 | D:3      | Learned a level 2 spell: Shroud of Golubria
  1175 | D:3      | Noticed Ijyb
  1179 | D:3      | Paralysed by Ijyb for 6 turns
  1193 | D:3      | Paralysed by Ijyb for 5 turns
  1199 | D:3      | Killed Ijyb
  1266 | D:3      | Found a glowing drain.
  1270 | Sewer    | Entered a sewer
  1373 | Sewer    | Noticed Purgy
  1386 | Sewer    | Killed Purgy
  1386 | Sewer    | Reached skill level 3 in Maces & Flails
  1386 | Sewer    | Reached skill level 1 in Translocations
  1386 | Sewer    | Reached XP level 5. HP: 18/32 MP: 1/9
  1721 | D:3      | Reached ** piety under Cheibriados
  1904 | D:2      | Reached XP level 6. HP: 17/37 MP: 4/10
  2109 | D:3      | Found a glowing golden altar of the Shining One.
  2238 | D:3      | Noticed Terence
  2261 | D:3      | Killed Terence
  2357 | D:3      | Learned a level 3 spell: Regeneration
  2863 | D:4      | Noticed AlphabetPasta's ghost (amateur VSNe)
  2867 | D:4      | Reached *** piety under Cheibriados
  2878 | D:3      | Reached skill level 4 in Maces & Flails
  3013 | D:4      | Killed AlphabetPasta's ghost
  3013 | D:4      | Reached skill level 1 in Evocations
  3013 | D:4      | Reached XP level 7. HP: 42/42 MP: 8/11
  3615 | D:5      | Entered Level 5 of the Dungeon
  3674 | D:5      | Reached XP level 8. HP: 41/48 MP: 7/13
  3835 | D:5      | Reached skill level 5 in Maces & Flails
  3844 | D:5      | Reached **** piety under Cheibriados
  3989 | D:5      | Noticed a hippogriff
  3998 | D:5      | Killed a hippogriff
  4660 | D:6      | Learned a level 3 spell: Spectral Weapon
  5155 | D:6      | Found an opulent altar of Gozag.
  5162 | D:6      | Noticed Prince Ribbit
  5172 | D:6      | Killed Prince Ribbit
  5172 | D:6      | Reached skill level 5 in Fighting
  5172 | D:6      | Reached skill level 6 in Maces & Flails
  5172 | D:6      | Reached XP level 9. HP: 39/54 MP: 13/15
  5336 | D:6      | Reached ***** piety under Cheibriados
  5742 | D:7      | Found a staircase to the Ecumenical Temple.
  6346 | D:8      | Reached skill level 7 in Maces & Flails
  6358 | D:8      | Found a staircase to the Lair.
  6378 | D:8      | Reached skill level 5 in Charms
  6385 | D:8      | Reached XP level 10. HP: 42/60 MP: 9/17
  6386 | D:8      | Reached skill level 5 in Armour
  6473 | D:8      | Found Sobbygum's Assorted Antiques.
  6473 | D:8      | Noticed Psyche
  6579 | D:8      | Reached skill level 5 in Spellcasting
  6646 | D:8      | Bought a scroll labeled HUTIAK NEOSMI for 30 gold pieces
  6646 | D:8      | Bought a metallic dark potion for 27 gold pieces
  6647 | D:8      | Bought a scroll of identify for 60 gold pieces
  6934 | D:8      | Killed Psyche
  6934 | D:8      | Reached skill level 8 in Maces & Flails
  7132 | D:8      | Reached ****** piety under Cheibriados
  7312 | D:8      | Upgraded the game from 0.20-a0-904-gd863c46 to 0.20-a0-909-g1a4ba80
  7574 | D:9      | Noticed a two-headed ogre
  7583 | D:9      | Killed a two-headed ogre
  7583 | D:9      | Reached XP level 11. HP: 40/66 MP: 13/19
  7629 | D:9      | Reached skill level 5 in Dodging
  7796 | D:9      | Reached skill level 9 in Maces & Flails
  7813 | D:9      | Noticed Erica
  7823 | D:9      | Killed Erica
  8113 | D:10     | Entered Level 10 of the Dungeon
  8159 | D:10     | Found a deep blue altar of Sif Muna.
  8210 | D:10     | Noticed a two-headed ogre
  8222 | D:10     | Killed a two-headed ogre
  8599 | D:10     | Found a roughly hewn altar of Beogh.
  8897 | D:11     | Reached skill level 5 in Invocations
  8948 | D:11     | Noticed a red ugly thing
  8981 | D:11     | Killed a red ugly thing
  8995 | D:11     | Reached skill level 10 in Maces & Flails
  9033 | D:11     | Noticed a centaur warrior
  9113 | D:11     | Killed a centaur warrior
  9113 | D:11     | Reached XP level 12. HP: 44/73 MP: 14/21
  9423 | D:11     | Found a blossoming altar of Fedhas.
  9740 | D:11     | Noticed a frost giant
  9805 | D:11     | HP: 1/74 [frost giant/battleaxe of freezing (18)]
  9805 | D:11     | Slain by a frost giant

Vault maps used:
D:1:      onia_arrival_pyramid, cheibriados_altar_1
D:2:      eat_drink_and_be_merry_uskayaw, nicolae_ru_awakened_eye
D:3:      gup_sewer_entry_bowl, first_bread, tso_metal_star, uniq_iyjb,
          uniq_terence
D:4:      minmay_diamond_boxcup, dk_noncrumbling_4
D:5:      serial_curves, eino_curves_04, eino_curves_01, eino_curves_01
D:6:      minmay_door_square, nicolae_gozag_cash_rules_everything_around_me,
          uniq_prince_ribbit1
D:7:      minmay_temple_entry_overgrown
D:8:      minmay_lair_entry_grove, serial_shops, shop, uniq_psyche
D:9:      kennysheep_blocky_hall, grunt_livestock, uniq_erica
D:10:     special_room, basic_altar
D:11:     minmay_shrinking_squares, fedhas_bush_and_centaur_altar
Sewer:    sewer_co_purgy_island

Skill      XL: |  1  2  3  4  5  6  7  8  9 10 11 |
---------------+----------------------------------+-----
Invocations    | 1 2 4 5 |  5.5
Charms         | 3 4 5 6 |  6.8
Fighting       | 3 4 5 6 8 |  8.2
Maces & Flails | 3 4 6 7 8 10 | 10.2
Armour         | 2 3 4 6 7 |  7.5
Dodging        | 2 3 4 5 |  5.7
Translocations | 1 2 3 |  3.0
Spellcasting   | 3 4 5 6 |  6.5
Evocations     | 1 2 |  2.0

Action                   |  1- 3 |  4- 6 |  7- 9 | 10-12 || total
-------------------------+-------+-------+-------+-------++-------
Melee: Mace              |    98 |   154 |       |       ||   252
       Flail             |       |    49 |   244 |       ||   293
       Dire flail        |       |       |    48 |   469 ||   517
 Cast: Infusion          |     7 |    16 |    22 |    22 ||    67
       Shroud of Golubri |       |       |     1 |    29 ||    30
       Spectral Weapon   |       |       |     5 |    13 ||    18
       Song of Slaying   |       |       |     1 |     8 ||     9
Evoke: Wand              |       |     2 |     6 |     3 ||    11
  Use: Scroll            |     5 |     7 |    10 |     8 ||    30
       Potion            |       |     2 |     2 |     5 ||     9
 Stab: Distracted        |       |       |     2 |     2 ||     4
       Paralysed         |       |       |     3 |       ||     3
  Eat: Chunk             |     1 |     3 |     6 |     5 ||    15
       Royal jelly       |       |       |       |     2 ||     2
Armor: Scale mail        |    59 |   154 |   160 |   230 ||   603
Dodge: Dodged            |    51 |   154 |   179 |   395 ||   779
